 Dungeon Crawl Stone Soup version 0.19.5 (webtiles) character file.

51 uhmor the Caller (level 3, 0/26 HPs)
             Began as a Centaur Summoner on May 17, 2017.
             Succumbed to an adder's poison
             ... on level 1 of the Dungeon on May 18, 2017.
             The game lasted 00:25:23 (2003 turns).

uhmor the Caller (Centaur Summoner)                 Turns: 2003, Time: 00:25:24

Health: 0/26       AC:  5    Str: 10    XL:     3   Next: 58%
Magic:  4/5        EV:  8    Int: 15    God:
Gold:   104        SH:  0    Dex:  9    Spells: 1 memorised, 4 levels left

rFire  . . .     SeeInvis .     n - +0 spear
rCold  . . .     Gourm    .     l - +0 ring mail
rNeg   . . .     Faith    .     (no shield)
rPois  .         Spirit   .     (no helmet)
rElec  .         Reflect  .     (no cloak)
rCorr  .         Harm     .     (no gloves)
MR     .....                    (no barding)
Stlth  ..........               (no amulet)
                                (no ring)
                                (no ring)

@: lethally poisoned (0 -> -2), very slightly contaminated, very quick
A: hooves 3, deformed body, speed 2, tough skin 3
a: no special abilities


You were on level 1 of the Dungeon.
You were not hungry.

You visited 1 branch of the dungeon, and saw 2 of its levels.

You collected 104 gold pieces.

Inventory:

Hand Weapons
 f - a +0 short sword
 m - a +0 falchion
 n - a +0 spear (weapon)
 q - a +0 halberd
 w - a +0 hunting sling
 B - a +0 falchion
 I - a +0 dagger
 J - a +0 hand crossbow
 K - a +0 hunting sling
Missiles
 h - 78 stones
 s - 5 needles of paralysis
 t - a throwing net (quivered)
 u - 50 arrows
 E - 23 bolts
Armour
 a - a +0 robe
 l - a +0 ring mail (worn)
 o - a +0 robe
 x - a +0 robe
 y - a +0 robe
Scrolls
 d - a scroll of immolation {unknown}
 r - a scroll of identify {unknown}
 v - 2 scrolls of teleportation {unknown}
 F - a scroll of amnesia {unknown}
 G - a scroll of magic mapping {unknown}
 H - a scroll of blinking {unknown}
Potions
 e - 2 potions of degeneration {unknown}
 g - 2 potions of flight {unknown}
 i - a potion of mutation {unknown}
 j - a potion of cancellation {unknown}
 p - 2 potions of curing {unknown}
 z - a potion of cure mutation {unknown}
 A - a potion of might {unknown}
Books
 b - a book of Callings

   Spells                             Type                      Level
   a - Summon Small Mammal            Summoning                    1
   b - Call Imp                       Summoning                    2
   c - Call Canine Familiar           Summoning                    3
   d - Summon Guardian Golem          Hexes/Summoning              3
   e - Summon Lightning Spire         Summoning/Air                4
   f - Summon Ice Beast               Ice/Summoning                4
Comestibles
 c - a bread ration
 k - a slice of pizza
 D - a beef jerky


   Skills:
 + Level 0.1 Short Blades
 * Level 0.3 Polearms
 + Level 0.2 Armour
 + Level 1.4 Dodging
 + Level 1.1 Stealth
 + Level 1.9 Spellcasting
 * Level 4.4 Summonings


You had 4 spell levels left.
You knew the following spells:

 Your Spells              Type           Power        Failure   Level  Hunger
a - Summon Small Mammal   Summ           ##..         12%         1    ##.....


Dungeon Overview and Level Annotations

Branches:
Dungeon (2/15)

Altars:


Innate Abilities, Weirdness & Mutations

You have hooves in place of feet.
Armour fits poorly on your strangely shaped body.
You cover ground very quickly.
You have extremely tough skin. (AC +3)


Message History

The bat hits you but does no damage.
* * * LOW HITPOINT WARNING * * *
You feel sick. The bat hits you but does no damage. The bat misses you.
The bat closely misses you.
Casting: Summon Small Mammal
Confirm with . or Enter, or press ? or * to list all spells.
You miscast Summon Small Mammal.
You are very lightly contaminated with residual magic.
Nothing appears to happen.
* * * LOW HITPOINT WARNING * * *
You feel sick. The bat barely misses you. x2
The bat barely misses you. The bat barely misses you.
The bat closely misses you.
There is a stone staircase leading up here.
You can't go down here!
The bat closely misses you.
You climb upwards.
You die...

########
##........
#...######
##..###..##
########..###.....
#@........##...#..
#.#...###.#....##.
#.....# #.#..##.##
#.....# #.##..##.#
#.....# #.##)..###
#.#...# #.........
#.#...# #.#......#
#.#...# #.........
#.#...#####.......


There were no monsters in sight!

Vanquished Creatures
  A dart slug (D:2)
  2 bats (D:1)
  A jackal (D:2)
  A frilled lizard (D:2)
  3 kobolds
8 creatures vanquished.

Vanquished Creatures (collateral kills)
  Jessica (D:2)
  A gnoll (D:1)
  An adder (D:1)
  A leopard gecko (D:2)
  2 giant cockroaches
  2 hobgoblins (D:1)
  2 jackals (D:2)
  2 frilled lizards (D:2)
  2 goblins
  6 kobolds
20 creatures vanquished.

Grand Total: 28 creatures vanquished

Notes
Turn   | Place    | Note
-------+----------+-------------------------------------------
     0 | D:1      | uhmor the Centaur Summoner began the quest for the Orb.
     0 | D:1      | Reached XP level 1. HP: 14/14 MP: 3/3
   659 | D:1      | Reached skill level 4 in Summonings
   659 | D:1      | Reached XP level 2. HP: 8/20 MP: 0/4
  1450 | D:2      | Noticed Jessica
  1463 | D:2      | Killed Jessica
  1463 | D:2      | Reached XP level 3. HP: 3/26 MP: 5/5
  1998 | D:2      | HP: 1/26 [poisoned by an adder]
  2003 | D:1      | Succumbed to an adder's poison

Skill      XL: |  1 |
---------------+----+-----
Summonings     | 4 |  4.4
Short Blades   | |  0.1
Polearms       | |  0.3
Armour         | |  0.2
Dodging        | |  1.4
Stealth        | |  1.1
Spellcasting   | |  1.9

Action                   || total
-------------------------++-------
Melee: Short sword       ||     8
       Kick              ||     7
       Unarmed           ||     1
       Spear             ||    67
 Cast: Summon Small Mamm ||    54
  Eat: Chunk             ||     3
Armor: Robe              ||     4
       Ring mail         ||    55
Dodge: Dodged            ||    46
